 Dungeon Crawl Stone Soup version 0.30.1 (webtiles) character file.

Game seed: 12010349882402432117

52418 spardeous the Spry (level 14, -25/66 HPs)
             Began as a Felid Earth Elementalist on July 8, 2023.
             Was an Initiate of Gozag.
             Killed from afar by Jorgrun (36 damage)
             ... with an iron shot
             ... on level 15 of the Dungeon.
             The game lasted 01:51:22 (43180 turns).

spardeous the Spry (Felid Earth Elementalist)      Turns: 43180, Time: 01:51:22

Health: -25/66     AC:  7    Str:  4    XL:     14   Next: 27%
Magic:  23/29      EV: 29    Int: 27    God:    Gozag
Gold:   1107       SH:  0    Dex: 17    Spells: 1/33 levels left
                                        Lives:  0   Deaths: 4

rFire   . .          .
                       - Unarmed
rCold   + . .        (shield unavailable)
rNeg    . . .        (body armour unavailable)
rPois   .            (helmet unavailable)
rElec   .            (cloak unavailable)
rCorr   .            (gloves unavailable)
SInv    +            (boots unavailable)
Will    ++...        m - amulet of regeneration
Stlth   +++          K - +4 ring of protection
HPRegen 1.11/turn    W - +6 ring of intelligence
MPRegen 0.21/turn

%: no passive effects
@: swift, very slightly contaminated, very quick
A: very small, claws 1, fangs 3, see invisible, speed 1, shaggy fur 3, stealthy
paws, no weapons or thrown items, no armour, multi-lived
a: Renounce Religion, Potion Petition, Call Merchant, Bribe Branch


You were on level 15 of the Dungeon.
You worshipped Gozag.
Gozag was most pleased with you.
You visited 5 branches of the dungeon, and saw 24 of its levels.
You also visited: Volcano.

You collected 9246 gold pieces.
You spent 2057 gold pieces at shops.
You paid 6082 gold pieces to Gozag.

Inventory:

Jewellery
 m - an amulet of regeneration (around neck)
 n - the ring "Qupt" {rC+ rCorr Str+4 Dex-3 SInv}
   (You found it on level 5 of the Dungeon)

   [ring of see invisible]

   Str:       It affects your strength (+4).
   Dex:       It affects your dexterity (-3).
   rC:        It protects you from cold.
   SInv:      It lets you see invisible.
   rCorr:     It protects you from acid and corrosion.
 q - a +6 ring of intelligence
 r - a ring of ice
 s - a ring of positive energy
 y - an amulet of guardian spirit
 A - the ring "Tehoimoi" {rCorr Int+2}
   (You found it on level 5 of the Dungeon)

   [ring of resist corrosion]

   Int:       It affects your intelligence (+2).
   rCorr:     It protects you from acid and corrosion.
 C - a ring of flight
 E - an amulet of reflection
 K - a +4 ring of protection (left paw)
 N - a ring of fire
 P - an amulet of magic regeneration
 U - a ring of protection from cold
 W - a +6 ring of intelligence (right paw)
 X - a ring of positive energy
Wands
 p - a wand of mindburst (20)
 t - a wand of flame (38)
 I - a wand of roots (2)
 J - a wand of quicksilver (16)
 Q - a wand of polymorph (14)
 Z - a wand of paralysis (8)
Scrolls
 c - 6 scrolls of vulnerability
 d - 2 scrolls of amnesia
 f - 10 scrolls of teleportation
 h - 6 scrolls of enchant weapon {unknown}
 j - 4 scrolls of immolation {unknown}
 k - 7 scrolls of poison {unknown}
 u - 4 scrolls of enchant armour {unknown}
 x - 4 scrolls of fear
 B - 4 scrolls of noise {unknown}
 F - 4 scrolls of magic mapping {unknown}
 H - 4 scrolls of fog {unknown}
 R - a scroll of brand weapon
 T - 2 scrolls of silence {unknown}
 V - a scroll of summoning
Potions
 a - 4 potions of magic
 b - 10 potions of curing
 e - 2 potions of might
 g - 7 potions of brilliance
 i - a potion of berserk rage
 l - 2 potions of cancellation
 o - 5 potions of lignification
 v - 2 potions of ambrosia
 w - 4 potions of flight
 z - 3 potions of attraction
 D - 4 potions of invisibility
 G - 2 potions of resistance
 L - a potion of degeneration
 Y - a potion of mutation
Miscellaneous
 O - a phantom mirror
 S - a phial of floods


   Skills:
 - Level 10.3 Fighting
 - Level 16.0 Dodging
 - Level 4.3 Stealth
 - Level 9.2 Unarmed Combat
 - Level 10.0 Spellcasting
 - Level 11.0 Conjurations
 + Level 4.0 Hexes
 - Level 12.3 Transmutations
 - Level 11.0 Earth Magic


You had one spell level left.
You knew the following spells:

 Your Spells              Type           Power      Damage    Failure   Level
a - Sandblast             Erth           100%       2d20      1%          1
b - Stone Arrow           Conj/Erth      100%       3d13      1%          3
c - Petrify               Tmut/Erth      67%        N/A       1%          4
d - Statue Form           Tmut/Erth      44%        N/A       5%          6
e - Leda's Liquefaction   Hex/Erth       26%        N/A       1%          4
f - Borgnjor's Vile Clut  Necr/Erth      21%        N/A       12%         5
g - Iron Shot             Conj/Erth      32%        9d7       7%          6
h - Swiftness             Air            13%        N/A       13%         3

Your spell library contained the following spells:

 Spells                   Type           Power      Damage    Failure   Level
 Foxfire                  Conj/Fire      100%       2x1d9     1%          1
 Kiss of Death            Conj/Necr      100%       2d13      1%          1
 Shock                    Conj/Air       100%       1d9       1%          1
 Necrotise                Necr           52%        1d6       4%          1
 Momentum Strike          Conj/Tloc      86%        3d10      1%          2
 Passwall                 Tmut/Erth      55%        N/A       1%          2
 Spider Form              Tmut/Pois      46%        N/A       1%          3
 Blade Hands              Tmut           34%        N/A       1%          5
 Lee's Rapid Deconstruct  Erth           32%        3d16*     1%          5
 Ensorcelled Hibernation  Hex/Ice        48%        N/A       2%          2
 Confusing Touch          Hex            35%        N/A       2%          3
 Ignite Poison            Fire/Tmut/Pois 35%        N/A       2%          3
 Ice Form                 Ice/Tmut       46%        N/A       3%          4
 Blink                    Tloc           26%        N/A       6%          2
 Lesser Beckoning         Tloc           26%        N/A       6%          2
 Fireball                 Conj/Fire      21%        3d10      12%         5
 Frozen Ramparts          Ice            26%        1d4       13%         3
 Ozocubu's Armour         Ice            13%        N/A       13%         3
 Vampiric Draining        Necr           13%        2d6       13%         3
 Anguish                  Hex/Necr       12%        N/A       19%         4
 Dragon Form              Tmut           34%        N/A       22%         7
 Airstrike                Air            6%         2d(1-17)  38%         4
 Dispel Undead            Necr           13%        3d9       38%         4
 Summon Ice Beast         Ice/Summ       13%        N/A       38%         4
 Metabolic Englaciation   Hex/Ice        12%        N/A       45%         5
 Starburst                Conj/Fire      21%        6d7       56%         6
 Agony                    Necr           13%        N/A       75%         5
 Summon Forest            Summ/Tloc      6%         N/A       75%         5
 Storm Form               Tmut/Air       23%        N/A       96%         7
 Dispersal                Tloc           6%         N/A       100%        6
 Plasma Beam              Fire/Air       6%         2x1d18    100%        6
 Animate Armour           Summ/Erth      Unusable   N/A       N/A         4
 Simulacrum               Ice/Necr       Unusable   N/A       N/A         6

Dungeon Overview and Level Annotations

Branches:
Dungeon (15/15)            Temple (1/1) D:5            Lair (5/5) D:8
  Swamp (0/4) Lair:2        Snake (1/4) Lair:3        Slime (0/5) Lair:5
    Orc (2/2) D:11            Elf (0/3) Orc:2        Vaults (0/5) D:13
Volcano (visited)
 Depths: D:15

Altars:
Ashenzari
Cheibriados
Dithmenos
Elyvilon
Fedhas
Gozag
Hepliaklqana
Kikubaaqudgha
Makhleb
Nemelex Xobeh
Okawaru
Qazlal
Ru
Sif Muna
Trog
Uskayaw
Vehumet
Wu Jian
Xom
Yredelemnul
Zin
The Shining One
Jiyva

Shops:
D:5 !   D:9 *!!!   Orc:2 ([[(   Lair:1 :!::!:

Annotations:
D:14 3 runed translucent doors, Weuhagh's ghost, journeyman KoHu
D:15 Jorgrun


Innate Abilities, Weirdness & Mutations

You have sharp claws.
You have razor-sharp teeth.
You have supernaturally acute eyesight. (SInv)
You cover ground quickly. (Speed+)
Your thick and shaggy fur keeps you warm. (AC +3, rC+)
Your paws help you pounce on unaware monsters.
You are incapable of wielding weapons or throwing items.
You cannot wear armour.
You gain extra lives every three experience levels.


Message History

You now have 1107 gold pieces (gained 12).
Jorgrun Earthshaker comes into view.
He is wielding a staff of earth.
Jorgrun shouts!
Jorgrun says, "Tha earth be me home, an' ye be trespassing!"
Jorgrun moves out of view.
Found 17 gold pieces.
A fire giant comes into view.
It is wielding a +2 great sword of flaming.
There are monsters nearby!
There are monsters nearby!
There are monsters nearby!
Okay, then.
Casting: Stone Arrow (safe; 1% risk of failure)
Confirm with . or Enter, or press ? or * to list all spells.
Okay, then.
Casting: Stone Arrow (safe; 1% risk of failure)
Confirm with . or Enter, or press ? or * to list all spells.
Okay, then.
Casting: Stone Arrow (safe; 1% risk of failure)
Confirm with . or Enter, or press ? or * to list all spells.
Okay, then.
Casting: Stone Arrow (safe; 1% risk of failure)
Confirm with . or Enter, or press ? or * to list all spells.
You miscast Swiftness.
You are very lightly contaminated with residual magic.
Nothing appears to happen.
The fire giant shouts!
Jorgrun drinks a potion.
Jorgrun seems to speed up.
Casting: Swiftness (dangerous; 13% risk of failure)
Confirm with . or Enter, or press ? or * to list all spells.
You feel quick.
Jorgrun points at you and mumbles some strange words.
The iron shot hits you!!!
Ouch! That really hurt!
* * * LOW HITPOINT WARNING * * *
Some rock shatters into small pieces.
Jorgrun gestures at you while chanting. The iron shot hits you!!!
Ouch! That really hurt!
You die...
Your body crumbles into a pile of gold.

##.# #.# ....
##..# #.#
≈≈... ##..##
#.# §≈#...
#..## #.# $
$≈≈≈.. #.##
#.# .C≈≈..#
#.# #.#
.≈≈#..g# #.#
#.#
.§≈≈....##.#
#.#
§§≈≈.....@.#
#######.#
§§#...#.#.##
#.......# §
≈§§.. #.##.#
#.####### ..
.... ..# #.#
#.#
##........
.### #.##.#
...... .. .#
#.#.######
.#...# # ##
##......#
.#...#
######..###.#
##...# .
........#


You could see Jorgrun (fast).

Vanquished Creatures
  Mlioglotl (Snake:1)
  Frances (D:12)
  Aizul (Lair:3)
  The ghost of Mig the Peltast, a journeyman TrMo of Trog (Lair:5)
  An orc warlord (Orc:2)
  Azrael (Snake:1)
  A fire dragon (Lair:5)
  10 hydras
  A vault guard (D:13)
  Erica (D:9)
  3 centaur warriors (D:13)
  4 two-headed ogres
  2 tengu warriors (D:14)
  A naga warrior (Lair:3)
  4 naga sharpshooters (Snake:1)
  4 death yaks
  An orc high priest (Orc:2)
  A shock serpent (Snake:1)
  3 skysharks
  2 skeletal warriors (Volcano)
  Lodul (D:9)
  A naga ritualist (Snake:1)
  4 lindwurms
  3 orc knights
  Pikel (D:9)
  An anaconda skeleton (Volcano)
  4 cyclopes
  A deep elf pyromancer (D:15)
  2 oklob plants (Lair:3)
  2 manticores
  2 mana vipers (Snake:1)
  4 ugly things (D:14)
  3 orc sorcerers
  2 salamanders (Snake:1)
  Maurice (D:11)
  9 elephants
  20 black mambas
  2 guardian serpents (shapeshifter)
  A guardian serpent (Snake:1)
  17 cane toads
  5 torpor snails (Lair:5)
  4 naga magi (Snake:1)
  An unseen horror (shapeshifter) (D:13)
  4 gargoyles
  4 rime drakes
  Maggie (D:9)
  2 kobold demonologists (D:11)
  2 unseen horrors
  A tengu conjurer (D:14)
  8 komodo dragons
  An efreet (D:13)
  7 trolls
  3 tyrant leeches (Lair:5)
  10 polar bears (Lair:5)
  A wind drake (shapeshifter) (D:14)
  7 hornets (Lair:5)
  A raiju (Lair:5)
  4 blink frogs (Lair:5)
  8 dream sheep
  3 flying skulls (Volcano)
  A culicivora (shapeshifter) (D:13)
  A centaur simulacrum (D:13)
  An alligator skeleton (Volcano)
  2 shadows
  5 wyverns (Lair:3)
  2 vampires
  2 water elementals (D:13)
  A wraith (D:10)
  45 yaks
  3 fire elementals
  2 basilisks
  9 vampire mosquitoes
  Grum (Lair:1)
  6 wargs (Lair:5)
  14 nagas
  An acid dragon (D:12)
  16 water moccasins
  17 hell hounds
  An ice beast (D:6)
  4 sky beasts
  12 black bears
  27 orc warriors
  9 ogres
  3 centaurs
  25 wolves
  3 phantoms
  2 lemures (D:9)
  6 kobold brigands
  5 bullfrogs
  2 gnoll sergeants
  5 scorpions
  14 wights (D:9)
  A killer bee (D:7)
  2 troll skeletons (Volcano)
  4 electric eels (D:13)
  A spriggan skeleton (Volcano)
  6 howler monkeys
  A crimson imp (D:8)
  18 orc priests
  A hound (D:6)
  5 jellies
  3 sleepcaps
  2 gnoll boudas
  2 iguanas
  19 orc wizards
  Robin (D:4)
  9 adders
  16 gnolls
  5 white imps
  3 ufetubi
  A worm (D:1)
  4 dart slugs
  76 orcs
  6 ball pythons
  11 endoplasms
  11 giant cockroaches
  14 goblins
  18 hobgoblins
  5 jackals (D:1)
  15 kobolds
  3 quokkas
  5 bats
  2 frilled lizards
  11 rats
730 creatures vanquished.

Vanquished Creatures (others)
  Agnes (Snake:1)
1 creature vanquished.

Grand Total: 731 creatures vanquished

Notes
Turn   | Place    | Note
-------+----------+-------------------------------------------
     0 | D:1      | spardeous the Felid Earth Elementalist began the quest for
                  | the Orb.
     0 | D:1      | Reached XP level 1. HP: 7/7 MP: 4/4
     2 | D:1      | Found a runed translucent door.
    89 | D:2      | Reached XP level 2. HP: 11/11 MP: 0/6
   286 | D:2      | Reached XP level 3. HP: 14/14 MP: 5/7
   576 | D:3      | Noticed a scorpion
   587 | D:3      | Killed a scorpion
   588 | D:3      | Reached skill level 5 in Earth Magic
   588 | D:3      | Reached XP level 4. HP: 18/18 MP: 3/8
   883 | D:4      | Reached XP level 5. HP: 21/21 MP: 6/9
  1013 | D:4      | Noticed Robin
  1130 | D:4      | Killed Robin
  1191 | D:4      | Slain by a sleepcap
  1192 | D:4      | Reached XP level 4. HP: -2/18 MP: 3/8
  1229 | D:4      | Noticed a scorpion
  1246 | D:4      | Killed a scorpion
  1247 | D:4      | Reached XP level 5. HP: 21/21 MP: 5/9
  1487 | D:4      | Reached skill level 3 in Dodging
  1618 | D:4      | Found a basalt altar of Yredelemnul.
  1722 | D:5      | Entered Level 5 of the Dungeon
  1723 | D:5      | Identified the ring "Qupt" {rC+ rCorr Str+4 Dex-3 SInv}
  1737 | D:5      | Reached skill level 4 in Dodging
  1866 | D:5      | Noticed a phantom
  1881 | D:5      | Gained mutation: You are covered in thick fur. (AC +2)
                  | [Felid growth]
  1881 | D:5      | Reached XP level 6. HP: 24/24 MP: 4/10
  1906 | D:5      | Reached skill level 5 in Dodging
  2046 | D:5      | Found a shadowy altar of Dithmenos.
  2065 | D:5      | Reached skill level 6 in Dodging
  2167 | D:5      | Found Ufixtefu's Distillery.
  2231 | D:5      | Found a staircase to the Ecumenical Temple.
  2244 | Temple   | Entered the Ecumenical Temple
  2274 | Temple   | Became a worshipper of Gozag Ym Sagoz the Greedy
  2815 | D:2      | Found a snail-covered altar of Cheibriados.
  3615 | D:1      | Found a faded altar of an unknown god.
  3719 | D:1      | Reached XP level 7. HP: 27/27 MP: 7/11
  4447 | D:5      | Identified the ring "Tehoimoi" {rCorr Int+2}
  4464 | D:5      | Found a broken altar of Ashenzari.
  4674 | D:5      | Found a shimmering blue altar of Sif Muna.
  4750 | D:6      | Learned a level 3 spell: Stone Arrow
  4982 | D:6      | Reached skill level 5 in Spellcasting
  5113 | D:6      | Reached XP level 8. HP: 27/31 MP: 11/17
  5437 | D:7      | Reached skill level 1 in Conjurations
  5465 | D:7      | Found a stormy altar of Qazlal.
  5524 | D:7      | Found a sparkling altar of Nemelex Xobeh.
  6008 | D:7      | Learned a level 4 spell: Petrify
  6566 | D:8      | Reached XP level 9. HP: 31/34 MP: 13/21
  6706 | D:8      | Found a staircase to the Lair.
  7076 | D:8      | Found a burning altar of Makhleb.
  7374 | D:8      | Found a sacrificial altar of Ru.
  7377 | D:8      | Found a hide-covered altar of Uskayaw.
  7382 | D:8      | Found an ancient bone altar of Kikubaaqudgha.
  7855 | D:9      | Reached skill level 5 in Conjurations
  7919 | D:9      | Noticed a two-headed ogre
  7945 | D:9      | Killed a two-headed ogre
  8156 | D:9      | Found Fonoq's Distillery.
  8157 | D:9      | Noticed Pikel
  8521 | D:9      | Noticed Maggie
  8538 | D:9      | Killed Maggie
  8539 | D:9      | Reached XP level 10. HP: 22/37 MP: 1/24
  8759 | D:9      | Found Suhor's Distillery.
  8768 | D:9      | Bought a potion of heal wounds for 75 gold pieces
  8865 | D:9      | Noticed Erica
  8889 | D:9      | Paralysed by Erica for 2 turns
  8895 | D:9      | Killed Erica
  9086 | D:9      | Reached skill level 10 in Spellcasting
  9198 | D:9      | Killed Pikel
  9199 | D:9      | Reached skill level 7 in Dodging
  9294 | D:9      | Found Aqimm's Fire Supplies.
  9346 | D:9      | Found Uryhoe's Distillery.
  9478 | D:10     | Entered Level 10 of the Dungeon
  9823 | D:9      | Reached skill level 8 in Dodging
 10196 | D:10     | Noticed Lodul
 10803 | D:9      | Killed Lodul
 10804 | D:9      | Reached XP level 11. HP: 40/40 MP: 7/26
 11194 | D:10     | Noticed a two-headed ogre
 11213 | D:10     | Killed a two-headed ogre
 11300 | D:10     | Noticed a two-headed ogre
 11334 | D:10     | Killed a two-headed ogre
 11335 | D:10     | Reached skill level 9 in Dodging
 11891 | D:10     | Identified a scroll of acquirement
 11934 | D:10     | Acquired the Omnibus of Evil and Topology
 11995 | Lair:1   | Entered Level 1 of the Lair of Beasts
 12227 | Lair:1   | Noticed Grum
 12296 | Lair:1   | Killed Grum
 12663 | Lair:1   | Reached skill level 10 in Dodging
 13025 | Lair:1   | Noticed an eight-headed hydra
 13027 | Lair:1   | Mangled by an eight-headed hydra
 13028 | Lair:1   | Reached XP level 10. HP: -6/37 MP: 25/25
 13180 | Lair:1   | Killed an eight-headed hydra
 13414 | Lair:2   | Noticed a cane toad
 13417 | Lair:2   | Killed a cane toad
 13490 | Lair:2   | Reached skill level 10 in Conjurations
 13688 | Lair:2   | Noticed a cane toad
 13694 | Lair:2   | Killed a cane toad
 13695 | Lair:2   | Reached XP level 11. HP: 40/40 MP: 19/26
 13888 | Lair:2   | Reached skill level 11 in Dodging
 14093 | Lair:2   | Found a staircase to the Swamp.
 14883 | Lair:2   | Reached skill level 12 in Dodging
 15344 | Lair:3   | Noticed a six-headed hydra
 15362 | Lair:3   | Killed a six-headed hydra
 15363 | Lair:3   | Reached skill level 1 in Fighting
 15508 | Lair:3   | Noticed a skyshark
 15552 | Lair:3   | Noticed a five-headed hydra
 15577 | Lair:3   | Killed a five-headed hydra
 15578 | Lair:3   | Reached skill level 10 in Earth Magic
 15680 | Lair:3   | Noticed an eight-headed hydra
 15742 | Lair:3   | Killed an eight-headed hydra
 15743 | Lair:3   | Reached skill level 13 in Dodging
 15862 | Lair:3   | Gained mutation: Your thick and shaggy fur keeps you warm.
                  | (AC +3, rC+) [Felid growth]
 15862 | Lair:3   | Reached XP level 12. HP: 48/48 MP: 19/27
 16685 | Lair:3   | Reached skill level 5 in Fighting
 16685 | Lair:3   | Reached skill level 14 in Dodging
 16742 | Lair:3   | Found a staircase to the Snake Pit.
 17271 | Lair:3   | Found a blossoming altar of Fedhas.
 18210 | Lair:4   | Reached skill level 15 in Dodging
 18498 | Lair:4   | Found a glowing golden altar of the Shining One.
 19473 | D:9      | Bought a potion of attraction for 42 gold pieces
 19473 | D:9      | Bought a potion of flight for 42 gold pieces
 19473 | D:9      | Bought a potion of might for 56 gold pieces
 19473 | D:9      | Bought a potion of curing for 42 gold pieces
 19638 | Lair:5   | Entered Level 5 of the Lair of Beasts
 19805 | Lair:5   | Reached XP level 13. HP: 56/58 MP: 1/28
 19846 | Lair:5   | Found a runed translucent door.
 19847 | Lair:5   | Found a viscous altar of Jiyva.
 19847 | Lair:5   | Found a staircase to the Slime Pits.
 20170 | Lair:5   | Noticed Mig's ghost (journeyman TrMo)
 20190 | Lair:5   | Found a frozen archway.
 20260 | Lair:4   | Reached skill level 5 in Transmutations
 20889 | Lair:5   | Found a runed translucent gate.
 20889 | Lair:5   | Found a runed translucent gate.
 20889 | Lair:5   | Found a runed translucent gate.
 20923 | Lair:5   | Found a runed translucent door.
 20924 | Lair:5   | Noticed a fire dragon
 23044 | Lair:5   | Reached skill level 10 in Fighting
 25427 | Lair:5   | Killed a fire dragon
 25428 | Lair:5   | Reached skill level 10 in Transmutations
 25428 | Lair:5   | Reached XP level 14. HP: 14/66 MP: 10/29
 25979 | Lair:5   | Killed Mig's ghost
 26688 | Lair:1   | Bought Sif Muna's Quarto of Forms and the Sky for 640 gold
                  | pieces
 26690 | Lair:1   | Bought a book of Iron for 576 gold pieces
 26700 | Lair:1   | Learned a level 7 spell: Dragon Form
 26707 | Lair:1   | Learned a level 6 spell: Iron Shot
 27092 | D:11     | Found a staircase to the Orcish Mines.
 28260 | Orc:1    | Entered Level 1 of the Orcish Mines
 28351 | Orc:1    | Noticed Maurice
 28430 | D:11     | Killed Maurice
 28532 | Orc:1    | Found a dark tunnel.
 28542 | Volcano  | Entered a volcano
 30072 | Orc:2    | Entered Level 2 of the Orcish Mines
 30584 | Orc:2    | Found a staircase to the Elven Halls.
 30980 | Orc:2    | Noticed an orc warlord
 31621 | Orc:2    | Reached skill level 1 in Unarmed Combat
 31967 | Orc:2    | Found Itefuacla's Antique Weapon Emporium.
 31969 | Orc:2    | Found Uto Idu's Antique Armour Shoppe.
 32550 | Orc:2    | Found Uprayri's Antique Weapon Shop.
 32790 | Orc:2    | Killed an orc warlord
 32888 | Orc:2    | Found Luachillaa's Armour Emporium.
 33168 | D:9      | Bought a potion of mutation for 80 gold pieces
 33450 | D:12     | Noticed Frances
 33685 | D:12     | Killed from afar by Frances
 33686 | D:12     | Reached XP level 13. HP: 0/62 MP: 17/28
 34667 | D:12     | Killed Frances
 35797 | D:13     | Reached XP level 14. HP: 66/66 MP: 19/29
 36059 | D:13     | Shot with an arrow by a centaur warrior
 36060 | D:13     | Reached XP level 13. HP: -4/62 MP: 12/28
 36336 | D:13     | HP: 3/62 [vault guard/+0 broad axe (25)]
 37402 | D:13     | Found a gate to the Vaults.
 37803 | Lair:1   | Bought a book of the Earth for 504 gold pieces
 37814 | Lair:1   | Learned a level 6 spell: Statue Form
 37819 | Lair:1   | Learned a level 4 spell: Leda's Liquefaction
 37825 | Lair:1   | Learned a level 5 spell: Borgnjor's Vile Clutch
 37832 | Lair:1   | Learned a level 6 spell: Iron Shot
 37836 | Lair:1   | Learned a level 3 spell: Swiftness
 37915 | Snake:1  | Entered Level 1 of the Snake Pit
 37993 | Snake:1  | Noticed Aizul
 38086 | Lair:3   | Killed Aizul
 38087 | Lair:3   | Reached skill level 5 in Unarmed Combat
 39218 | Snake:1  | Noticed Azrael
 39398 | Snake:1  | Killed Azrael
 39615 | Snake:1  | Noticed Mlioglotl
 39618 | Snake:1  | Noticed Agnes
 39623 | Snake:1  | Killed Agnes
 40201 | Snake:1  | Noticed a starcursed mass
 40212 | Snake:1  | Noticed an Executioner
 40213 | Snake:1  | Paralysed by accursed screaming for 1 turns
 40220 | Snake:1  | Killed Mlioglotl
 40577 | Snake:1  | Reached XP level 14. HP: 66/66 MP: 10/29
 41094 | D:14     | Found a runed translucent gate.
 41094 | D:14     | Found a runed translucent gate.
 41095 | D:14     | Found a runed translucent gate.
 41095 | D:14     | Noticed an azure jelly
 41961 | D:14     | Identified the staff of earth "Ykkoirph" {rC+++ rN++ Dex-5
                  | Stlth-}
 42130 | D:14     | Reached skill level 16 in Dodging
 42253 | D:14     | Noticed Weuhagh's ghost (journeyman KoHu)
 42256 | D:14     | Found a viscous altar of Jiyva.
 42270 | D:15     | Entered Level 15 of the Dungeon
 42440 | D:14     | Reached skill level 1 in Hexes
 43175 | D:15     | Noticed Jorgrun
 43176 | D:15     | Noticed a fire giant
 43180 | D:15     | Killed from afar by Jorgrun

Illustrated notes

Levels and vault maps discovered:
D:1:      dpeg_arrival_caged_fury, layout_basic,
          hellmonk_ecumenical_altar_run_dry, minmay_tetromino_o2
D:2:      minmay_skewed_foursquare, layout_rooms, basic_altar,
          serial_park_tiny_1, nicolae_titane
D:3:      layout_rooms
D:4:      layout_basic, mainiacjoe_overflow_concentric_impassable,
          nicolae_hexahallways, uniq_robin
D:5:      layout_gridville, ashenzari_conservatory_becter, kennysheep_mini_moat,
          mainiacjoe_overflow_boulevard, minmay_temple_entry_junction,
          serial_shops, nicolae_shop_real_fake_doors
D:6:      layout_rooms
D:7:      black_bear_nest_1, layout_rooms, jmf_multi_god_temple,
          kennysheep_crisscross
D:8:      layout_layer_cave, makhleb_grotto_becter,
          grunt_temple_overflow_diamond, dpeg_oklobed_lair
D:9:      layout_rooms, serial_shops, nicolae_shop_back_alley_shop, shop, shop,
          nicolae_shop_fire_sale [nicolae_sub_dead_trees], uniq_pikel,
          uniq_maggie, uniq_erica
D:10:     layout_basic, amethyst_killhole, uniq_lodul
D:11:     layout_irregular_city, orc_0_dummy
D:12:     layout_loops_ring, hangedman_ranch, uniq_frances
D:13:     layout_basic, david_vaults_5
D:14:     layout_roguey, gammafunk_ghost_ooze, chequers_jeans
D:15:     grunt_enter_depths_giant_problem, layout_basic, cheibriados_altar_1,
          uniq_jorgrun
Temple:   hellmonk_temple_flake
Lair:1:   cheibrodos_lair_river_kwai, layout_cellular_growth, uniq_grum
Lair:2:   layout_chaotic_city, swamp_mist
Lair:3:   layout_loops_ring, minmay_snake_entry_guardpost_medium,
          hangedman_tree_tricks
Lair:4:   layout_cave_pods, basic_altar, minivault_11, lemuel_fruit_fields,
          grunt_megastairs_2
Lair:5:   hangedman_lair_caniforms_friends, layout_regular_city, wormcave,
          slime_entry_2, portal_ice_cave_rime, gammafunk_ghost_split
Snake:1:  layout_layer_cave, uniq_aizul, uniq_agnes, uniq_azrael, uniq_mlioglotl
Orc:1:    layout_caves, enter_volcano_1, nicolae_orc_crystal_geode, uniq_maurice
Orc:2:    grunt_orc_community_town_hall, layout_caves,
          grunt_orc_community_big_house_2, grunt_orc_community_big_house_1,
          grunt_orc_community_house_2, grunt_orc_community_house_1,
          grunt_orc_community_house_2, grunt_orc_community_house_2

Skill      XL: |  1  2  3  4  5  6  7  8  9 10 11 12 13 14 |
---------------+-------------------------------------------+-----
Earth Magic    | 3 5 6 7 10 11 | 11.0
Dodging        | 4 6 8 13 15 16 | 16.0
Spellcasting   | 5 7 9 10 | 10.0
Conjurations   | 4 7 10 9 11 | 11.0
Fighting       | 3 7 10 | 10.3
Transmutations | 4 12 | 12.3
Stealth        | 4 |  4.3
Unarmed Combat | 8 9 |  9.2
Hexes          | 4 |  4.0

Action                     |  1- 3 |  4- 6 |  7- 9 | 10-12 | 13-15 || total
---------------------------+-------+-------+-------+-------+-------++-------
  Melee: Unarmed           |     1 |     4 |     7 |    18 |   163 ||   193
         Punch             |       |     1 |       |     1 |     6 ||     8
         Bite              |       |       |       |     2 |    32 ||    34
   Cast: Sandblast         |    36 |   128 |   251 |   154 |   401 ||   970
         Stone Arrow       |       |       |    15 |   306 |   747 ||  1068
         Petrify           |       |       |       |     1 |    16 ||    17
         Statue Form       |       |       |       |       |    13 ||    13
         Borgnjor's Vile C |       |       |       |       |     8 ||     8
         Iron Shot         |       |       |       |       |     6 ||     6
         Leda's Liquefacti |       |       |       |       |     5 ||     5
         Swiftness         |       |       |       |       |     2 ||     2
 Invoke: Call Merchant     |       |       |       |     3 |     3 ||     6
  Evoke: Wand              |       |       |       |       |     2 ||     2
         Phantom mirror    |       |       |       |       |     1 ||     1
    Use: Scroll            |       |       |       |    10 |    16 ||    26
         Potion            |       |       |       |     2 |    14 ||    16
   Stab: Distracted        |       |       |       |       |     1 ||     1
         Petrified         |       |       |       |       |    42 ||    42
         Petrifying        |       |       |       |       |     2 ||     2
 Armour: Skin              |     1 |     1 |     2 |    28 |   103 ||   135
  Dodge: Dodged            |    11 |    27 |   105 |   304 |   995 ||  1442
